 Dungeon Crawl Stone Soup version 0.29-a0-541-gaf1fc19f1b (webtiles) character file.

Game seed: 9639734733669747200

587 Charly the Changer (level 7, 6/56 HPs)
             Began as a Meteoran Transmuter on June 2, 2022.
             Quit the game on level 6 of the Dungeon.
             The game lasted 00:27:32 (1225 turns).

Charly the Changer (Meteoran Transmuter)            Turns: 1225, Time: 00:27:33

Health: 6/56       AC:  5    Str: 12    XL:     7   Next: 97%
Magic:  0/12       EV: 12    Int: 16    God:
Gold:   89         SH:  0    Dex: 15    Spells: 2/12 levels left

rFire   . . .      SeeInvis .     - Unarmed
rCold   . . .      Faith    .   (no shield)
rNeg    + . .      Spirit   .   a - +0 robe
rPois   .          Reflect  .   g - +0 helmet
rElec   .          Harm     .   (no cloak)
rCorr   .          Rampage  .   (no gloves)
Will    .....                   k - +1 pair of boots
Stlth   +.........              (no amulet)
HPRegen 0.18/turn               p - ring of positive energy
MPRegen 0.13/turn               (no ring)

@: wereblooded, very slightly contaminated, glowing
A: sense surroundings 1, otherworldly, glowing, explore regen
a: no special abilities


You were on level 6 of the Dungeon.
You visited 1 branch of the dungeon, and saw 6 of its levels.

You collected 89 gold pieces.

Inventory:

Armour
 a - a +0 robe (worn)
 g - a +0 helmet (worn)
 k - a +1 pair of boots (worn)
 m - an orb of wrath
Jewellery
 p - a ring of positive energy (left hand)
Scrolls
 c - 2 scrolls of fog
 j - a scroll of poison {unknown}
 l - a scroll of immolation {unknown}
 n - a scroll of blinking {unknown}
 o - a scroll of torment {unknown}
Potions
 b - a potion of haste {unknown}
 f - a potion of attraction
 h - a potion of curing
 q - a potion of degeneration {unknown}
 r - a potion of berserk rage {unknown}
 s - a potion of resistance {unknown}


   Skills:
 - Level 2.4 Fighting
 - Level 2.4 Dodging
 - Level 5.2 Unarmed Combat
 - Level 3.0 Spellcasting
 + Level 7.0 Transmutations
 - Level 3.0 Ice Magic
 - Level 2.0 Poison Magic


You had 2 spell levels left.
You knew the following spells:

 Your Spells              Type           Power      Damage    Failure   Level
a - Beastly Appendage     Tmut           50%        N/A       1%          1
z - Wereblood             Tmut           25%        N/A       1%          2
I - Ice Form              Ice/Tmut       18%        N/A       24%         4
S - Spider Form           Tmut/Pois      16%        N/A       9%          3

Your spell library contained the following spells:

 Spells                   Type           Power      Damage    Failure   Level


Dungeon Overview and Level Annotations

Branches:
Dungeon (6/15)
 Temple: D:4-7

Altars:

Portals:
Ossuary: D:6


Innate Abilities, Weirdness & Mutations

You passively map a small area around you.
You are easily found by Zot.
You glow in the dark.
You regain HP and MP as you explore.


Message History

You don't have enough magic to cast this spell.
The scorpion attacks as you move away! The scorpion stings you.
You are poisoned.
The scorpion poisons you!
You feel very sick. The scorpion attacks as you move away!
The scorpion stings you.
You are more poisoned.
The scorpion poisons you!
You feel very sick.
You feel better. The iguana bites you! The iguana attacks as you move away!
The iguana misses you. The iguana attacks as you move away!
The iguana barely misses you.
Found a scroll of fog.
The iguana attacks as you move away! The iguana bites you!
You barely miss the iguana. The iguana closely misses you.
Casting: Ice Form (quite dangerous; 24% risk of failure)
Confirm with . or Enter, or press ? or * to list all spells.
The spell is quite dangerous to miscast (24% risk of failure)!
Continue anyway?
You miscast Ice Form.
You shiver with cold.
The iguana bites you!
Okay, then.
Okay, then.
Okay, then.
As you read the scroll labelled WIMODI ETAUMEA, it crumbles to dust.
It is a scroll of amnesia.
Really abort (and waste the scroll)?
Okay, then.
The iguana bites you but does no damage.
As you read the scroll labelled QIWNOY ANESA, it crumbles to dust.
You hear a loud clanging noise!
It was a scroll of noise.
You hear a bark!
You hear an angry hiss.
The iguana bites you!
* * * LOW HITPOINT WARNING * * *
This is a scroll of acquirement!
You see here Neur's Volume of the Mutagenic Voyage.
Something appears at your feet! The iguana bites you!
* * * LOW HITPOINT WARNING * * *
You feel better. The iguana bites you!
* * * LOW HITPOINT WARNING * * *
Are you sure you want to abandon this character and quit the game? (Confirm with "yes".)

*
.............#####
,, *
,.............#
............##
.....#.....## ,, ,
8 ....####.## *, ,
, * * ## #.# *,, *
#s# * ** * #l# ,,
* * * #@# , ,
#....# , .....#..#
, #...###.. *
.....#...
........## , .?.
..... * .#.......
* ,* , * ,


You could see a scorpion and an iguana.

Vanquished Creatures
  Eustachio (D:4)
  Edmund (D:4)
  A sky beast (D:6)
  A scorpion (D:4)
  A hound (D:4)
  Jessica (D:3)
  An iguana (D:6)
  4 adders
  A gnoll (D:3)
  An ufetubus (D:4)
  A dart slug (D:2)
  5 ball pythons
  3 endoplasms
  A giant cockroach (D:2)
  5 goblins
  6 hobgoblins
  3 jackals (D:2)
  2 kobolds
  3 quokkas
  7 bats
  4 frilled lizards
  4 rats
57 creatures vanquished.

Notes
Turn   | Place    | Note
-------+----------+-------------------------------------------
     0 | D:1      | Charly the Meteoran Transmuter began the quest for the Orb.
     0 | D:1      | Reached XP level 1. HP: 16/16 MP: 5/5
   118 | D:1      | Reached XP level 2. HP: 20/24 MP: 4/6
   145 | D:1      | Learned a level 2 spell: Wereblood
   350 | D:2      | Reached XP level 3. HP: 8/30 MP: 8/8
   499 | D:2      | Reached XP level 4. HP: 37/37 MP: 5/9
   507 | D:2      | Reached skill level 5 in Unarmed Combat
   569 | D:2      | Learned a level 3 spell: Spider Form
   607 | D:3      | Reached skill level 1 in Poison Magic
   719 | D:3      | Noticed Jessica
   722 | D:3      | Killed Jessica
   723 | D:3      | Reached skill level 3 in Transmutations
   723 | D:3      | Reached XP level 5. HP: 38/42 MP: 7/10
   760 | D:4      | Noticed Eustachio
   784 | D:4      | Killed Eustachio
   785 | D:4      | Reached skill level 5 in Transmutations
   785 | D:4      | Reached XP level 6. HP: 45/50 MP: 7/11
   803 | D:4      | Learned a level 4 spell: Ice Form
   876 | D:4      | Noticed Edmund
   889 | D:4      | Killed Edmund
   890 | D:4      | Reached skill level 6 in Transmutations
   890 | D:4      | Reached XP level 7. HP: 56/56 MP: 9/12
  1158 | D:5      | Entered Level 5 of the Dungeon
  1194 | D:6      | Found a sand-covered staircase.
  1202 | D:6      | Reached skill level 7 in Transmutations
  1223 | D:6      | Identified a scroll of acquirement
  1223 | D:6      | Acquired Neur's Volume of the Mutagenic Voyage
  1225 | D:6      | Quit the game

Illustrated notes

Levels and vault maps discovered:
D:1:      heliophobic_arrival_ceremonial_halls, layout_loops_ring, serial_shops,
          nicolae_shop_advertising_works [nicolae_subvault_shop_adworks],
          ebering_ecumenical_altar_petrified
D:2:      layout_basic, minmay_joined_circles
D:3:      layout_loops_ring, serial_glass, glass_columns_a, glass_columns_a,
          serial_bayou_pond_e, uniq_jessica
D:4:      layout_basic, minmay_fountain_box, uniq_edmund, uniq_eustachio
D:5:      layout_basic, minmay_temple_entry_waves
D:6:      layout_rooms, nicolae_ossuary_entry_monument,
          minmay_misc_feat_four_crosses, minmay_strange_pillars

Skill      XL: |  1  2  3  4  5  6  7 |
---------------+----------------------+-----
Fighting       | 2 |  2.4
Unarmed Combat | 4 5 |  5.2
Poison Magic   | 1 2 |  2.0
Transmutations | 3 5 6 7 |  7.0
Spellcasting   | 3 |  3.0
Ice Magic      | 2 3 |  3.0
Dodging        | |  2.4

Action                   |  1- 3 |  4- 6 |  7- 9 || total
-------------------------+-------+-------+-------++-------
Melee: Unarmed           |    59 |    60 |    30 ||   149
       Headbutt          |     6 |     1 |       ||     7
       Kick              |     7 |     5 |       ||    12
       Punch             |       |     2 |       ||     2
 Cast: Beastly Appendage |     9 |     3 |       ||    12
       Wereblood         |     3 |     4 |     2 ||     9
       Spider Form       |       |     2 |     2 ||     4
       Ice Form          |       |       |     1 ||     1
 Abil: End Transformatio |       |       |     1 ||     1
  Use: Scroll            |       |     3 |     3 ||     6
       Potion            |       |     1 |     2 ||     3
Armor: Robe              |    10 |     4 |     6 ||    20
       Skin              |       |     4 |     6 ||    10
Dodge: Dodged            |    29 |    39 |    21 ||    89

Table legend: (Time is in decaauts)
 A = Elapsed time spent in this place.
 B = Non-inter-level travel time spent in this place.
 C = Inter-level travel time spent in this place.
 D = Time resting spent in this place.
 E = Time spent auto-exploring this place.
 F = Levels seen in this place.
 G = Mean time per level.
                   A        B        C        D        E       F      G
               +--------+--------+--------+--------+--------+-----+--------+
         Total |   1211 |   1211 |      0 |      0 |      0 |   6 |  201.8 |
       Dungeon |   1211 |   1211 |      0 |      0 |      0 |   6 |  201.8 |
               +--------+--------+--------+--------+--------+-----+--------+

Top non-repeatable levels by time:
     D:4: 394 daAuts
     D:2: 377 daAuts
     D:1: 195 daAuts
     D:3: 179 daAuts
     D:6: 38 daAuts
     D:5: 26 daAuts
